 Dungeon Crawl Stone Soup version 0.22-a0-565-gfc6459a (webtiles) character file.

146 Amnesiac the Ducker (level 5, -1/27 HPs)
             Began as a Spriggan Fighter on June 28, 2018.
             Slain by a phantom (8 damage)
             ... on level 4 of the Dungeon.
             The game lasted 00:03:59 (1960 turns).

Amnesiac the Ducker (Spriggan Fighter)              Turns: 1960, Time: 00:04:00

Health: -1/27      AC:  2    Str: 13    XL:     5   Next: 7%
Magic:  6/6        EV: 19    Int: 10    God:
Gold:   76         SH:  7    Dex: 18    Spells: 4/4 levels left

rFire    . . .     SeeInvis +   a - +0 rapier
rCold    . . .     Gourm    .   c - +0 buckler
rNeg     . . .     Faith    .   b - +0 robe
rPois    .         Spirit   .   (helmet restricted)
rElec    .         Reflect  .   (no cloak)
rCorr    .         Harm     .   (gloves unavailable)
MR       +....                  (boots unavailable)
Stlth    +++.......             (no amulet)
HPRegen  0.09/turn              h - ring of protection from magic
MPRegen  0.10/turn              i - +3 ring of dexterity

@: very quick
A: very small, unfitting armour, see invisible, herbivore, speed 3, slow
metabolism 2
a: no special abilities


You were on level 4 of the Dungeon.
You were not hungry.

You visited 1 branch of the dungeon, and saw 5 of its levels.

You collected 76 gold pieces.

Inventory:

Hand Weapons
 a - a +0 rapier (weapon)
 j - a +4 vampiric dagger
Armour
 b - a +0 robe (worn)
 c - a +0 buckler (worn)
Jewellery
 h - a ring of protection from magic (left hand)
 i - a +3 ring of dexterity (right hand)
Wands
 l - a wand of enslavement (9)
Scrolls
 d - a scroll of identify {!r, unknown}
 e - a scroll of amnesia {!r}
 g - 2 scrolls of remove curse {!r}
Potions
 k - 2 potions of heal wounds {!q, unknown}
Comestibles
 f - 2 rations


   Skills:
 - Level 2.4 Fighting
 * Level 4.4 Short Blades
 - Level 4.4 Dodging
 + Level 4.4 Stealth
 - Level 2.4 Shields


You had 4 spell levels left.
You didn't know any spells.
Your spell library contained the following spells:

 Spells                   Type           Power        Failure   Level  Hunger
 Magic Dart               Conj           #...         47%         1    ##.....
 Conjure Flame            Conj/Fire      #.......     85%         3    ####...
 Slow                     Hex            #.......     63%         2    ###....
 Mephitic Cloud           Conj/Pois/Air  #.......     85%         3    ####...
 Blink                    Tloc           N/A          63%         2    ###....
 Call Imp                 Summ           #.......     63%         2    ###....


Dungeon Overview and Level Annotations

Branches:
Dungeon (5/15)
 Temple: D:4-7

Altars:
Wu Jian

Annotations:
D:4 1 runed door


Innate Abilities, Weirdness & Mutations

You are very small and have problems with some larger weapons.
You are too small for most types of armour.
You have supernaturally acute eyesight. (SInv)
You are a herbivore.
You cover ground extremely quickly.
You need to consume almost no food.


Message History

Found a stone staircase leading down.
You open the door.
There is an open door here.
You now have 55 gold pieces (gained 12).
You open the door.
Found a stone staircase leading up.
There is an open door here.
You now have 64 gold pieces (gained 9).
There is an open door here.
There is an open door here.
There is an open door here.
Things that are here:
a ring mail; a club
Things that are here:
a flail x2
Things that are here:
an enchanted spear; a club The orc priest is too close now for your liking.
An orc priest is nearby!
You aren't carrying any items that you can evoke.
Unknown command.
The orc priest shouts!
You hit the orc priest.
The orc priest is moderately wounded.
The orc priest zaps a wand.
You resist with almost no effort.
It is a wand of enslavement (9).
You hit the orc priest.
The orc priest is heavily wounded.
The orc priest mumbles some strange prayers to Beogh against you.
Pain shoots through your body!
You hit the orc priest.
The orc priest is almost dead.
The orc priest hits you with a dagger.
You hit the orc priest but do no damage.
The orc priest is almost dead.
The orc priest hits you with a dagger.
You hit the orc priest.
You kill the orc priest!
You have reached level 5!
You feel clever.
l - a wand of enslavement (9)
Things that are here:
a dagger; a leather armour; an orc corpse You start resting.
HP restored.
You see here 9 sling bullets.
Key pressed, stopping explore.
You now have 76 gold pieces (gained 12).
The phantom is too close now for your liking.
A phantom is nearby!
A phantom is nearby!
The phantom hits you!
You hit the phantom but do no damage. The phantom hits you.
* * * LOW HITPOINT WARNING * * *
You barely miss the phantom. The phantom completely misses you.
You closely miss the phantom.
The phantom blinks!
The phantom completely misses you.
You hit the phantom but do no damage. The phantom barely misses you.
You miss the phantom. The phantom hits you!
* * * LOW HITPOINT WARNING * * *
The phantom blinks!
You closely miss the phantom. The phantom completely misses you.
You barely miss the phantom. The phantom hits you!
You die...

##.#.#.# #.##
##.#.#.# ##.#
##.#.#.# ##.##
##.#.#.# ##.P.#
...#.#.# #....#
.###[#.# #....# .#
#[#.# #....# .#
#.#.########.W.##
.# #............@##
.# ###.#########.#
.#####.........#ยง#
..........(....#.#
...............#.#
##############.#.#
#.#.# #.#.# #.#.#


You could see a phantom.

Vanquished Creatures
  2 orc priests (D:4)
  4 gnolls (D:4)
  2 adders (D:4)
  3 orcs (D:4)
  3 ball pythons
  A giant cockroach (D:1)
  2 goblins (D:1)
  3 hobgoblins
  3 jackals (D:4)
  A quokka (D:4)
  3 bats
  2 frilled lizards
  4 rats
33 creatures vanquished.

Notes
Turn   | Place    | Note
-------+----------+-------------------------------------------
     0 | D:1      | Amnesiac the Spriggan Fighter began the quest for the Orb.
     0 | D:1      | Reached XP level 1. HP: 11/11 MP: 2/2
    40 | D:1      | Reached skill level 1 in Stealth
   135 | D:1      | Reached XP level 2. HP: 14/16 MP: 3/3
   579 | D:4      | Noticed a phantom
   659 | D:4      | Found a runed door.
   703 | D:4      | Reached XP level 3. HP: 19/19 MP: 4/4
   941 | D:4      | Reached XP level 4. HP: 19/23 MP: 5/5
  1161 | D:4      | Found an ornate altar of the Wu Jian Council.
  1289 | D:5      | Entered Level 5 of the Dungeon
  1798 | D:4      | Reached XP level 5. HP: 15/27 MP: 6/6
  1960 | D:4      | Slain by a phantom

Vault maps used:
D:1:      dpeg_arrival_connections
D:2:      first_ration, serial_aquarium, aquarium_bridge_long_separate,
          aquarium_bridge_square, aquarium_window_fake, aquarium_window_fake,
          aquarium_window_1, aquarium_view_4, aquarium_view_2a
D:3:      gammafunk_temple_overflow_wave, gammafunk_ghost_grave,
          nicolae_ru_great_annihilating_truth
D:4:      kennysheep_mini_moat, uniq_crazy_yiuf_cottage
D:5:      nicolae_tso_carved_into_rock

Skill      XL: |  1  2  3  4 |
---------------+-------------+-----
Stealth        | 2 3 4 |  4.4
Short Blades   | 3 4 |  4.4
Fighting       | |  2.4
Dodging        | |  4.4
Shields        | |  2.4

Action                   |  1- 3 |  4- 6 || total
-------------------------+-------+-------++-------
Melee: Rapier            |    55 |    60 ||   115
  Use: Scroll            |     3 |       ||     3
       Potion            |     2 |     1 ||     3
 Stab: Sleeping          |     5 |     1 ||     6
       Distracted        |     1 |       ||     1
Armor: Robe              |    10 |     1 ||    11
Dodge: Dodged            |    60 |    29 ||    89
Block: Buckler           |    26 |    12 ||    38

Table legend:
 A = Spawn XP
 B = Non-spawn XP
 C = Spawn XP percentage of total XP
 D = Spawn monster count
 E = Non-spawn monster count
 F = Spawn count percentage of total count
 G = Total turns spent on level
                    A         B        C        D         E        F      G
               +---------+---------+-------+---------+---------+-------+---------
         Total |       0 |     209 |   0.0 |       0 |      33 |   0.0 |  1960
               +---------+---------+-------+---------+---------+-------+---------
           D:1 |       0 |      12 |   0.0 |       0 |       8 |   0.0 |   148
           D:2 |       0 |       9 |   0.0 |       0 |       6 |   0.0 |   355
           D:3 |       0 |       4 |   0.0 |       0 |       3 |   0.0 |    68
           D:4 |       0 |     184 |   0.0 |       0 |      16 |   0.0 |  1181
               +---------+---------+-------+---------+---------+-------+---------
